 Dungeon Crawl Stone Soup version 0.22.2-1-ge965b3a (webtiles) character file.

2435 smallpebble the Blocker (level 9, -4/75 HPs)
             Began as a Hill Orc Fighter on Mar 30, 2019.
             Was an Initiate of Yredelemnul.
             Slain by a hornet (10 damage)
             ... while paralysed by a hornet
             ... on level 9 of the Dungeon.
             The game lasted 01:00:23 (7402 turns).

smallpebble the Blocker (Hill Orc Fighter)          Turns: 7402, Time: 01:00:27

Health: -4/75      AC:  6    Str: 20    XL:     9   Next: 49%
Magic:  9/9        EV:  2    Int:  8    God:    Yredelemnul [......]
Gold:   522        SH:  0    Dex: 12    Spells: 8/8 levels left

rFire    + . .     SeeInvis .   a - +1 long sword
rCold    . . .     Gourm    .   o - +2 large shield
rNeg     . . .     Faith    .   C - +0 leather armour {rF+}
rPois    .         Spirit   .   y - +0 helmet
rElec    .         Reflect  +   (no cloak)
rCorr    .         Harm     .   M - +0 pair of gloves
MR       .....                  (no boots)
Stlth    +++.......             I - +3 amulet of reflection
HPRegen  0.22/turn              u - ring of stealth
MPRegen  0.11/turn              (no ring)

@: paralysed, very slightly contaminated
A: no striking features
a: Renounce Religion


You were on level 9 of the Dungeon.
You worshipped Yredelemnul.
Yredelemnul was noncommittal.
You were not hungry.

You visited 1 branch of the dungeon, and saw 9 of its levels.

You collected 556 gold pieces.
You paid 34 gold pieces to Gozag.

Inventory:

Hand Weapons
 a - a +1 long sword (weapon)
 d - a cursed -3 rapier
 h - a cursed -1 dagger
 z - a +0 long sword
 B - a +0 whip of electrocution
 D - a +1 rapier of venom
 J - a cursed -3 giant club
 N - a +0 giant spiked club
 P - a -1 flail
Armour
 b - a +0 scale mail
 c - a +0 shield
 e - a +0 leather armour
 k - a +1 pair of gloves
 l - a +0 leather armour
 o - a +2 large shield (worn)
 q - a +0 ring mail
 x - a cursed -2 leather armour
 y - a +0 helmet (worn)
 C - a +0 leather armour of fire resistance (worn)
 F - a +2 robe of fire resistance
 L - a +0 pair of boots
 M - a +0 pair of gloves (worn)
Jewellery
 g - an uncursed amulet of faith
 s - a cursed ring of teleportation
 u - a ring of stealth (left hand)
 E - an uncursed amulet of the gourmand
 I - a +3 amulet of reflection (around neck)
Wands
 w - a wand of paralysis (19)
 H - a wand of clouds (6)
 Q - a wand of flame (30)
Scrolls
 i - 3 scrolls of remove curse
 j - a scroll of blinking
 m - 2 scrolls of enchant armour
 n - 6 scrolls of teleportation
 p - 6 scrolls of identify
 r - 2 scrolls of noise
 t - 3 scrolls of immolation
 A - 4 scrolls of fear
Potions
 v - 2 potions of brilliance {unknown}
 G - a potion of might
 K - 2 potions of curing
 O - 2 potions of flight {unknown}
Comestibles
 f - 6 rations


   Skills:
 + Level 6.1 Fighting
 + Level 7.8 Long Blades
 + Level 5.1 Armour
 + Level 2.6 Dodging
 + Level 1.7 Stealth
 + Level 9.1 Shields


You had 8 spell levels left.
You didn't know any spells.
Your spell library was empty.

Dungeon Overview and Level Annotations

Branches:
Dungeon (9/15)             Temple (0/1) D:5
   Lair: D:8-11         Orc: D:9-12

Altars:
Elyvilon
Gozag
Xom
Yredelemnul

Shops:
D:6 =*

Annotations:
D:7 1 runed door


Message History

You block the hornet's attack. The hornet barely misses you.
You block the hornet's attack.
The hornet stings you but does no damage.
You hit the hornet.
The hornet is lightly wounded.
You feel yourself speed up.
You block the hornet's attack. x2; The hornet closely misses you.
You hit the hornet but do no damage.
The hornet is lightly wounded.
You block the hornet's attack. x3
You hit the hornet but do no damage.
The hornet is lightly wounded.
You block the hornet's attack. x2
You hit the hornet but do no damage.
The hornet is lightly wounded.
The hornet stings you!
* * * LOW HITPOINT WARNING * * *
You suddenly lose the ability to move!
The hornet stings you!
You die...
Your body rises from the dead as a mindless zombie.

.. ...
#
.##.##
#.
##....#
#.
.....
#.#....
#.....#
#...#
#?y@#
#=..#
#...#
#....
..>..
.#.#.##
#.#.#.#
. #...#


You could see a hornet (berserk).

Vanquished Creatures
  Pikel (D:5)
  Prince Ribbit (D:6)
  A human (D:5)
  Eustachio (D:3)
  An ice beast (D:6)
  A slave (D:5)
  A phantom (D:4)
  A black bear (D:6)
  2 ogres (D:6)
  A centaur (D:8)
  A bullfrog (D:7)
  2 scorpions
  3 crimson imps (D:4)
  A bullfrog zombie (D:6)
  A centaur zombie (D:6)
  2 jellies (D:5)
  4 orc priests
  A hound (D:4)
  3 orc wizards
  A gnoll shaman (D:4)
  2 iguanas
  2 worker ants
  Ijyb (D:3)
  6 gnolls
  A howler monkey skeleton (D:4)
  4 adders
  3 oozes
  An adder skeleton (D:5)
  2 worms
  2 dart slugs (D:1)
  4 leopard geckos
  18 orcs
  7 giant cockroaches
  7 goblins
  7 hobgoblins
  2 jackals (D:1)
  5 quokkas
  2 ball pythons
  5 bats
  4 frilled lizards
  A goblin zombie (D:5)
  5 kobolds
  5 rats
126 creatures vanquished.

Vanquished Creatures (others)
  3 gnolls (D:6)
3 creatures vanquished.

Grand Total: 129 creatures vanquished

Notes
Turn   | Place    | Note
-------+----------+-------------------------------------------
     0 | D:1      | smallpebble the Hill Orc Fighter began the quest for the
                  | Orb.
     0 | D:1      | Reached XP level 1. HP: 19/19 MP: 1/1
   144 | D:1      | Reached XP level 2. HP: 25/27 MP: 2/2
   375 | D:1      | Reached XP level 3. HP: 32/33 MP: 3/3
   633 | D:2      | Found a faded altar of an unknown god.
  1031 | D:2      | Reached skill level 4 in Shields
  1031 | D:2      | Reached XP level 4. HP: 40/40 MP: 4/4
  1227 | D:3      | Noticed Ijyb
  1242 | D:3      | Killed Ijyb
  1390 | D:3      | Reached XP level 5. HP: 38/46 MP: 5/5
  1487 | D:3      | Reached skill level 5 in Shields
  1502 | D:3      | Found an opulent altar of Gozag.
  1524 | D:3      | Became a worshipper of Gozag Ym Sagoz the Greedy
  1986 | D:4      | Reached XP level 6. HP: 44/52 MP: 6/6
  2196 | D:4      | Noticed a hippogriff
  2290 | D:4      | Noticed Eustachio
  2322 | D:3      | Killed Eustachio
  2322 | D:3      | Reached skill level 1 in Dodging
  2786 | D:4      | Reached XP level 7. HP: 59/60 MP: 7/7
  2982 | D:4      | Reached skill level 5 in Long Blades
  2982 | D:4      | Reached skill level 6 in Shields
  3016 | D:4      | Found a shimmering altar of Xom.
  3574 | D:5      | Entered Level 5 of the Dungeon
  3877 | D:5      | Found a staircase to the Ecumenical Temple.
  4103 | D:5      | Found a runed door.
  4104 | D:5      | Noticed a human
  4107 | D:5      | Found a basalt altar of Yredelemnul.
  4152 | D:5      | Killed a human
  4152 | D:5      | Reached skill level 1 in Stealth
  4152 | D:5      | Reached XP level 8. HP: 55/67 MP: 8/8
  4159 | D:5      | Fell from the grace of Gozag
  4159 | D:5      | Became a worshipper of Yredelemnul the Dark
  4499 | D:5      | Reached skill level 5 in Fighting
  4609 | D:6      | Reached skill level 7 in Shields
  5476 | D:6      | Noticed Pikel
  5506 | D:5      | Paralysed by Pikel for 6 turns
  5526 | D:5      | Killed Pikel
  5526 | D:5      | Reached skill level 5 in Armour
  5526 | D:5      | Reached skill level 8 in Shields
  5526 | D:5      | Reached XP level 9. HP: 22/75 MP: 9/9
  5829 | D:6      | Found Vekytatu's Elemental Accessories.
  6252 | D:6      | Found Hipailoa's Jewellery Emporium.
  6346 | D:6      | Noticed Prince Ribbit
  6367 | D:6      | Killed Prince Ribbit
  6979 | D:7      | Found a white marble altar of Elyvilon.
  6980 | D:7      | Found a runed door.
  6980 | D:7      | Noticed an angel
  7388 | D:8      | Reached skill level 9 in Shields
  7396 | D:9      | Noticed a hornet
  7402 | D:9      | Paralysed by a hornet for 1 turns
  7402 | D:9      | Slain by a hornet

Skill      XL: |  1  2  3  4  5  6  7  8  9 |
---------------+----------------------------+-----
Fighting       | 4 5 6 |  6.1
Shields        | 4 5 6 8 9 |  9.1
Long Blades    | 3 4 6 7 |  7.8
Armour         | 4 5 |  5.1
Dodging        | 1 2 |  2.6
Stealth        | 1 |  1.7

Action                   |  1- 3 |  4- 6 |  7- 9 || total
-------------------------+-------+-------+-------++-------
Melee: Long sword        |   145 |   181 |   532 ||   858
  Use: Potion            |     2 |     8 |     4 ||    14
       Scroll            |     4 |     8 |     9 ||    21
 Stab: Sleeping          |       |       |     4 ||     4
       Distracted        |       |       |     1 ||     1
  Eat: Chunk             |       |     2 |       ||     2
       Ration            |       |     2 |     4 ||     6
Armor: Scale mail        |    57 |    83 |    60 ||   200
       Leather armour    |       |       |    43 ||    43
Dodge: Dodged            |    50 |    33 |    77 ||   160
Block: Shield            |    60 |       |       ||    60
       Large shield      |    47 |   203 |   507 ||   757
       Rpst.: Long sword |    16 |     9 |    33 ||    58
